 Dungeon Crawl Stone Soup version 0.29.1-4-g47bece8355 (webtiles) character file.

Game seed: 10403402226083730248

83 kingsuperguy the Chopper (level 4, -6/40 HPs)
             Began as a Hill Orc Monk on Dec 9, 2022.
             Mangled by an ogre
             ... wielding a +0 giant club
              (25 damage)
             ... on level 3 of the Dungeon.
             The game lasted 00:03:21 (3763 turns).

kingsuperguy the Chopper (Hill Orc Monk)            Turns: 3763, Time: 00:03:22

Health: -6/40      AC:  8    Str: 15    XL:     4   Next: 44%
Magic:  4/4        EV:  7    Int: 10    God:
Gold:   145        SH:  0    Dex: 13    Spells: 3/3 levels left

rFire   . . .      SeeInvis .   a - +0 hand axe
rCold   . . .      Faith    .   (no shield)
rNeg    . . .      Spirit   .   q - +0 chain mail
rPois   .          Reflect  .   (no helmet)
rElec   .          Harm     .   (no cloak)
rCorr   .          Rampage  .   (no gloves)
Will    .....                   (no boots)
Stlth   ..........              (no amulet)
HPRegen 0.13/turn               (no ring)
MPRegen 0.09/turn               (no ring)

@: confused, ambrosia-drunk
A: no striking features
a: no special abilities


You were on level 3 of the Dungeon.
You visited 1 branch of the dungeon, and saw 3 of its levels.

You collected 145 gold pieces.

Inventory:

Hand Weapons
 a - a +0 hand axe (weapon)
Armour
 b - a +0 robe
 c - a +0 ring mail
 q - a +0 chain mail (worn)
Jewellery
 h - a ring of fire
Scrolls
 e - a scroll of summoning {unknown}
 g - a scroll of immolation {unknown}
 i - a scroll of vulnerability {unknown}
 m - 2 scrolls of identify {unknown}
 r - a scroll of teleportation {unknown}
 s - a scroll of torment {unknown}
Potions
 d - a potion of might {unknown}
 f - a potion of magic {unknown}
 k - a potion of berserk rage {unknown}
 l - a potion of degeneration {unknown}
 n - a potion of curing {unknown}
 o - 2 potions of haste {unknown}
 p - a potion of resistance {unknown}


   Skills:
 + Level 4.1 Fighting
 + Level 5.3 Axes
 + Level 0.7 Armour
 + Level 3.0 Dodging
 + Level 1.7 Stealth


You had 3 spell levels left.
You didn't know any spells.
Your spell library contained the following spells:

 Spells                   Type           Power      Damage    Failure   Level
 Foxfire                  Conj/Fire      0%         2x1d4     100%        1
 Freeze                   Ice            0%         1d3       100%        1
 Shock                    Conj/Air       0%         1d3       100%        1
 Conjure Flame            Conj/Fire      0%         6-21      100%        3
 Frozen Ramparts          Ice            0%         1d1       100%        3
 Ignite Poison            Fire/Tmut/Pois 0%         N/A       100%        3
 Inner Flame              Hex/Fire       0%         N/A       100%        3
 Mephitic Cloud           Conj/Pois/Air  0%         N/A       100%        3
 Swiftness                Air            0%         N/A       100%        3
 Airstrike                Air            0%         2d(0-16)  100%        4
 Flame Wave               Conj/Fire      0%         2d4       100%        4
 Hailstorm                Conj/Ice       0%         3d3       100%        4
 Freezing Cloud           Conj/Ice/Air   0%         6-21      100%        5


Dungeon Overview and Level Annotations

Branches:
Dungeon (3/15)

Altars:
Ashenzari
Wu Jian

Shops:
D:2 (


Message History

You hit the orc.
You kill the orc!
Key pressed, stopping explore.
r - a scroll labelled DAMNAR RILIWN
s - a scroll labelled VUHAEM YTAITOGG
There is an open door here.
There is an open door here.
There is a stone staircase leading up here.
Found 2 boomerangs.
You pick up a book of Frost and begin reading...
You add the spells Freeze, Frozen Ramparts and Hailstorm to your library.
An ogre comes into view. It is wielding a +0 giant club.
The ogre shouts!
You slash the ogre!
The ogre is moderately wounded.
The ogre hits you with a +0 giant club!!
Ouch! That really hurt!
You are confused.
You feel invigorated.
You bump into the rock wall.
The ogre completely misses you.
You bump into the rock wall.
The ogre closely misses you.
You hit the ogre.
The ogre is heavily wounded.
You bump into the rock wall.
You feel less invigorated.
You feel less confused. The ogre barely misses you.
You slash the ogre! You punch the ogre.
The ogre is almost dead.
The ogre hits you with a +0 giant club!!
Ouch! That really hurt!
* * * LOW HITPOINT WARNING * * *
You hit the ogre.
The ogre is almost dead.
You are confused.
You feel invigorated. The ogre barely misses you.
You hit the ogre.
The ogre is almost dead.
The ogre hits you with a +0 giant club!!
Ouch! That really hurt!
You die...

.#####.....#.........#.#
...........###########.#
......####.# #.#
##########.###########.###
#.........#.............#
##.#########.#############
...# #....# ..# ####
#.####.#######.#
#.#.....@....#.#
#<#.##.#O##.##.### #.#
...(..#......#
#.#..#.......#.### ######
#.#######.##.#.# .....#
#......##.##.#.# ####.#
######.##....#.# #.# #.#
##....# #.# #.# #.####


You could see an ogre.

Vanquished Creatures
  An adder (D:2)
  A worm (D:2)
  2 dart slugs
  3 orcs (D:3)
  4 ball pythons
  6 endoplasms
  2 giant cockroaches
  6 goblins
  9 hobgoblins
  6 jackals (D:1)
  5 kobolds
  6 bats
  3 frilled lizards
  2 rats (D:1)
56 creatures vanquished.

Vanquished Creatures (others)
  18 plants (D:1)
18 creatures vanquished.

Grand Total: 74 creatures vanquished

Notes
Turn   | Place    | Note
-------+----------+-------------------------------------------
     0 | D:1      | kingsuperguy the Hill Orc Monk began the quest for the Orb.
     0 | D:1      | Reached XP level 1. HP: 19/19 MP: 1/1
   249 | D:1      | Reached XP level 2. HP: 27/27 MP: 2/2
   812 | D:1      | Found a faded altar of an unknown god.
  1195 | D:1      | Reached XP level 3. HP: 33/33 MP: 3/3
  2094 | D:2      | Found Ytoneuba's Weapon Shoppe.
  2100 | D:2      | Reached skill level 5 in Axes
  2114 | D:2      | Reached XP level 4. HP: 40/40 MP: 4/4
  2750 | D:3      | Found a broken altar of Ashenzari.
  3102 | D:3      | Found a faded altar of an unknown god.
  3107 | D:3      | Found an ornate altar of the Wu Jian Council.
  3232 | D:3      | Identified the +2 rapier of Deformation {pain, SInv}
  3753 | D:3      | Noticed an ogre
  3763 | D:3      | Mangled by an ogre

Illustrated notes

Levels and vault maps discovered:
D:1:      roderic_crop_circles_arrival_small, layout_basic,
          ebering_ecumenical_altar_abandoned, minmay_misc_feat_tower,
          chequers_serial_rivers_room_b, minmay_pentomino_u2
D:2:      layout_rooms, serial_shops, nicolae_shop_bloodbath_and_beyond
D:3:      layout_basic, ashenzari_conservatory_becter,
          nicolae_overflow_ecumenical_swirl, palyth_stone_intersect

Skill      XL: |  1  2  3 |
---------------+----------+-----
Dodging        | 3 |  3.0
Fighting       | 4 |  4.1
Axes           | 5 |  5.3
Armour         | |  0.7
Stealth        | |  1.7

Action                   |  1- 3 |  4- 6 || total
-------------------------+-------+-------++-------
Melee: Hand axe          |   216 |    66 ||   282
       Punch             |     1 |     1 ||     2
  Use: Potion            |     1 |     2 ||     3
 Stab: Sleeping          |     2 |       ||     2
Armor: Robe              |    19 |       ||    19
       Ring mail         |    39 |    12 ||    51
       Chain mail        |       |    19 ||    19
Dodge: Dodged            |   152 |    41 ||   193
